 Dungeon Crawl Stone Soup version 0.19.5 (webtiles) character file.

80 tidbits the Skirmisher (level 4, -7/31 HPs)
             Began as a High Elf Wanderer on Aug 8, 2017.
             Mangled by Crazy Yiuf
             ... wielding a +4 quarterstaff of chaos
              (10 damage)
             ... on level 2 of the Dungeon.
             The game lasted 00:06:43 (832 turns).

tidbits the Skirmisher (High Elf Wanderer)           Turns: 832, Time: 00:06:43

Health: -7/31      AC:  5    Str: 11    XL:     4   Next: 18%
Magic:  8/8        EV: 16    Int: 16    God:
Gold:   61         SH:  0    Dex: 20    Spells: 0 memorised, 7 levels left

rFire  . . .     SeeInvis .     a - +2 whip (elec)
rCold  . . .     Gourm    .     B - +0 ring mail
rNeg   . . .     Faith    +     (no shield)
rPois  .         Spirit   .     (no helmet)
rElec  .         Reflect  .     (no cloak)
rCorr  .         Harm     .     (no gloves)
MR     .....                    (no boots)
Stlth  ++........               q - amulet of faith
                                (no ring)
                                (no ring)

@: agile
A: no striking features
a: no special abilities


You were on level 2 of the Dungeon.
You were not hungry.

You visited 1 branch of the dungeon, and saw 3 of its levels.

You collected 61 gold pieces.

Inventory:

Hand Weapons
 a - a +2 whip of electrocution (weapon)
   (You took it off a kobold on level 3 of the Dungeon)
 g - a +0 hunting sling
   (You took it off a goblin on level 2 of the Dungeon)
 j - a +2 spear
 n - a +0 long sword
   (You found it on level 2 of the Dungeon)
Missiles
 e - 70 stones (quivered)
 h - 19 sling bullets
 l - 21 arrows
Armour
 B - a +0 ring mail (worn)
   (You found it on level 1 of the Dungeon)
Jewellery
 c - an uncursed ring of ice
   (You found it on level 2 of the Dungeon)
 q - an amulet of faith (around neck)
   (You found it on level 3 of the Dungeon)
Scrolls
 b - 2 scrolls of teleportation
 f - a scroll of enchant weapon {unknown}
 i - 3 scrolls of identify
 k - a scroll of fear {unknown}
 r - a scroll of noise {unknown}
Potions
 m - a potion of cure mutation
Comestibles
 d - a bread ration
 s - a royal jelly


   Skills:
 - Level 3.3 Fighting
 - Level 0.2 Long Blades
 - Level 2.4 Polearms
 - Level 1.0 Throwing
 + Level 2.2 Dodging
 - Level 1.1 Stealth
   Level 1.0 Shields
 - Level 2.4 Spellcasting
   Level 1.2 Charms


You had 7 spell levels left.
You didn't know any spells.

Dungeon Overview and Level Annotations

Branches:
Dungeon (3/15)

Altars:
Yredelemnul

Annotations:
D:2 Crazy Yiuf
D:3 Sigmund


Message History

There is an open door here.
There is an escape hatch in the ceiling here.
Found a glowing soapstone amulet.
You open the door.
There is an open door here.
Found a stone staircase leading down.
q - a glowing soapstone amulet
As you read the scroll of identify, it crumbles to dust.
q - an uncursed amulet of faith Put on which piece of jewellery? (? for menu, Esc to quit)
You feel a strange surge of divine interest.
q - an amulet of faith (around neck)
You open the door.
Found 19 gold pieces.
Found a scroll of identify.
There is an open door here.
Found a scroll labeled XATTEU FULEKK.
Found a stone staircase leading up.
You now have 50 gold pieces (gained 8).
Found a royal jelly.
You now have 61 gold pieces (gained 11).
i - 3 scrolls of identify (gained 1)
r - a scroll labeled XATTEU FULEKK A giant cockroach comes into view.
Sigmund the Dreaded comes into view.
He is wielding a scythe.
Sigmund shouts!
Sigmund gestures wildly while chanting.
Sigmund flickers and vanishes!
Deactivating autopickup; reactivate with Ctrl-A.
You see here a royal jelly.
s - a royal jelly The giant cockroach bites you.
The giant cockroach bites you but does no damage.
The giant cockroach bites you but does no damage.
A magic dart appears from out of thin air!
The magic dart hits you!
The giant cockroach waves its antennae.
The giant cockroach barely misses you.
There is a stone staircase leading up here.
The giant cockroach bites you but does no damage.
You climb upwards.
There is a stone staircase leading down here.
You hit the giant cockroach.
The giant cockroach is moderately wounded.
The giant cockroach bites you but does no damage.
You closely miss the giant cockroach.
The giant cockroach is moderately wounded.
The giant cockroach barely misses you. The giant cockroach misses you.
You hit the giant cockroach.
You kill the giant cockroach!
You see here a giant cockroach corpse.
Found a runed door.
You open the door.
Crazy Yiuf the Enlightened comes into view.
He is wielding a quarterstaff of chaos.
Found a mace.
There is an open door here.
You barely miss Crazy Yiuf.
Crazy Yiuf cries, "You leg down broken song, no?"
Crazy Yiuf hits you with a quarterstaff of chaos!
Crazy Yiuf freezes you.
Unknown command.
You hit Crazy Yiuf but do no damage.
There is a sudden explosion of sparks!
Crazy Yiuf is heavily wounded.
Crazy Yiuf hits you with a quarterstaff of chaos!
* * * LOW HITPOINT WARNING * * *
Unknown command.
You closely miss Crazy Yiuf.
Crazy Yiuf is heavily wounded.
Crazy Yiuf cries, "Citrus turtle stair!"
Crazy Yiuf hits you with a quarterstaff of chaos.
* * * LOW HITPOINT WARNING * * *
Unknown command.
You hit Crazy Yiuf but do no damage.
Crazy Yiuf is heavily wounded.
Crazy Yiuf hits you with a quarterstaff of chaos.
* * * LOW HITPOINT WARNING * * *
You are poisoned.
Unknown command.
You feel better. Crazy Yiuf hits you but does no damage.
You hit Crazy Yiuf but do no damage.
Crazy Yiuf is heavily wounded.
Crazy Yiuf hits you with a quarterstaff of chaos!
* * * LOW HITPOINT WARNING * * *
x2 Unknown command.
Crazy Yiuf glowers.
Crazy Yiuf laughs, "Whiteboard sizzlefizz alas!"
Crazy Yiuf screams, "Candle sing pontify!"
You aren't carrying any items that you can evoke without wielding.
Unknown command.
Unknown command.
You feel agile all of a sudden.
Crazy Yiuf grits, "Trifle!"
Crazy Yiuf closely misses you.
You hit Crazy Yiuf but do no damage.
Crazy Yiuf is heavily wounded.
Crazy Yiuf twirls on the spot.
Crazy Yiuf misses you.
You closely miss Crazy Yiuf.
Crazy Yiuf is heavily wounded.
Crazy Yiuf hits you with a quarterstaff of chaos!
You die...

#..)#
..........
#...#
..........
#...#
##....... #'#
#..#.... ♣♣.♣
#.[..>.. ♣.♣♣
##.#.†..÷
♣♣.♣
#..##....
♣g♣♣
###.###....
♣♣@♣♣
#..........
♣...♣♣
###...#####
♣....♣
#...###
#....# #...#
#....####.###
##........#
##...#####
#####


You could see Crazy Yiuf.

Vanquished Creatures
  4 adders (D:2)
  A worm (D:2)
  9 bats
  3 giant cockroaches (D:2)
  5 goblins
  3 hobgoblins
  3 jackals (D:1)
  3 quokkas
  3 frilled lizards
  3 kobolds
  A rat (D:2)
38 creatures vanquished.

Notes
Turn   | Place    | Note
-------+----------+-------------------------------------------
     0 | D:1      | tidbits the High Elf Wanderer began the quest for the Orb.
     0 | D:1      | tidbits set off with: a +2 spear, 2 scrolls of teleportation, a +0 robe, a bread ration
     0 | D:1      | Reached XP level 1. HP: 13/13 MP: 4/4
    69 | D:1      | Reached skill level 1 in Dodging
   174 | D:1      | Reached XP level 2. HP: 18/18 MP: 6/6
   195 | D:1      | Reached skill level 2 in Dodging
   355 | D:2      | Reached skill level 2 in Fighting
   355 | D:2      | Reached XP level 3. HP: 16/24 MP: 7/7
   448 | D:2      | Reached skill level 3 in Fighting
   460 | D:2      | Reached XP level 4. HP: 17/31 MP: 8/8
   671 | D:3      | Found a basalt altar of Yredelemnul.
   775 | D:3      | Noticed Sigmund
   812 | D:2      | Found a runed door.
   816 | D:2      | Noticed Crazy Yiuf
   824 | D:2      | HP: 2/31 [Crazy Yiuf/quarterstaff of chaos (3)]
   832 | D:2      | Mangled by Crazy Yiuf

Skill      XL: |  1  2  3 |
---------------+----------+-----
Dodging        | 1 2 |  2.2
Fighting       | 2 3 |  3.3
Long Blades    | |  0.2
Polearms       | |  2.4
Throwing       | |  1.0
Stealth        | |  1.1
Shields        | |  1.0
Spellcasting   | |  2.4
Charms         | |  1.2

Action                   |  1- 3 |  4- 6 || total
-------------------------+-------+-------++-------
Melee: Spear             |    93 |    14 ||   107
       Whip              |       |    11 ||    11
Throw: Stone             |     6 |       ||     6
  Use: Scroll            |     2 |     2 ||     4
       Potion            |     1 |     2 ||     3
 Stab: Sleeping          |     1 |       ||     1
Armor: Ring mail         |    32 |     7 ||    39
Dodge: Dodged            |    57 |     8 ||    65

Table legend:
 A = Turns spent in this place as a percentage of turns spent in the entire game.
 B = Non-inter-level travel turns spent in this place as a percentage of non-inter-level travel turns spent in the entire game.
 C = Inter-level travel turns spent in this place as a percentage of turns spent in this place.
 D = Turns resting spent in this place as a percentage of non-inter-level travel turns spent in this place.
 E = Turns spent auto-exploring this place as a percentage of non-inter-level travel turns spent in this place.
 F = Non-inter-level travel turns spent in this place divided by the number of levels of this place that you've seen.
                   A       B       C       D       E      F
               +-------+-------+-------+-------+-------+----------------------
         Total | 100.0 | 100.0 |   0.1 |   0.0 |   0.0 | 253.3
       Dungeon | 100.0 | 100.0 |   0.1 |   0.0 |   0.0 | 253.3
               +-------+-------+-------+-------+-------+----------------------

Table legend:
 A = Kills in this place as a percentage of kills in entire the game.
 B = Kills by you in this place as a percentage of kills by you in the entire game.
 C = Kills by friends in this place as a percentage of kills by friends in the entire game.
 D = Other kills in this place as a percentage of other kills in the entire game.
 E = Experience gained in this place as a percentage of experience gained in the entire game.
 F = Experience gained in this place divided by the number of levels of this place that you have seen.
                   A       B       C       D       E      F
               +-------+-------+-------+-------+-------+----------------------
         Total | 100.0 | 100.0 |  -nan |  -nan | 100.0 |  38.3
       Dungeon | 100.0 | 100.0 |  -nan |  -nan | 100.0 |  38.3
               +-------+-------+-------+-------+-------+----------------------

Vault maps used:
D:1:      minmay_arrival_diagonal_passages
D:2:      minmay_pentomino_x2, uniq_crazy_yiuf_cottage
D:3:      yredelemnul_altar_generic, uniq_sigmund
